 Dungeon Crawl Stone Soup version 0.17.1-1-g73c8601 (webtiles) character file.

39 penguinsfan71 the Grave Robber (level 3, 0/24 HPs)
             Began as a Vampire Necromancer on Dec 23, 2015.
             Succumbed to an adder's poison
             ... on level 2 of the Dungeon.
             The game lasted 00:05:56 (1438 turns).

penguinsfan71 the Grave Robber (VpNe)               Turns: 1438, Time: 00:05:56

Health: 0/24       AC:  2    Str:  9    XL:     3   Next: 28%
Magic:  0/6        EV: 14    Int: 18    God:
Gold:   61         SH:  0    Dex: 14    Spells: 1 memorised, 5 levels left

rFire  . . .     SeeInvis +     e - +0 dagger
rCold  . . .     Clarity  .     a - +0 robe
rNeg   + . .     SustAt   .     (no shield)
rPois  .         Gourm    .     (no helmet)
rElec  .         Spirit   .     (no cloak)
rCorr  .         Warding  .     (no gloves)
rMut   .         Stasis   .     (no boots)
MR     .....                    (no amulet)
Stlth  ++........               l - +2 ring of strength
                                k - +1 ring of evasion (curse)

@: lethally poisoned (0 -> -13), not resistant to hostile enchantments,
unstealthy
A: fangs 3, see invisible, unbreathing
a: Bat Form


You were on level 2 of the Dungeon.
You were not thirsty.

You visited 1 branch of the dungeon, and saw 2 of its levels.

You collected 61 gold pieces.

Inventory:

Hand Weapons
 e - a +0 dagger (weapon)
 f - a cursed -3 whip
 p - a +0 mace
Missiles
 n - 21 sling bullets
 o - 12 stones (quivered)
Armour
 a - a +0 robe (worn)
 i - a +0 shield
Jewellery
 k - a cursed +1 ring of evasion (left hand)
 l - a +2 ring of strength (right hand)
Scrolls
 g - 2 scrolls of remove curse {unknown}
 h - a scroll of amnesia {unknown}
 j - a scroll of recharging {unknown}
Potions
 c - 10 potions of blood
 d - a potion of haste {unknown}
 m - a potion of might {unknown}
Books
 b - a book of Necromancy

   Spells                             Type                      Level
   a - Pain                           Necromancy                   1
   b - Animate Skeleton               Necromancy                   1
   c - Vampiric Draining              Necromancy                   3
   d - Regeneration                   Charms/Necromancy            3
   e - Animate Dead                   Necromancy                   4
   f - Control Undead                 Necromancy                   4


   Skills:
 + Level 2.4 Dodging
 + Level 3.1 Stealth
 + Level 2.3 Spellcasting
 + Level 5.2 Necromancy


You had 5 spell levels left.
You knew the following spells:

 Your Spells              Type           Power        Failure   Level  Hunger
a - Pain                  Necr           ###.         1%          1    #......


Dungeon Overview and Level Annotations

Branches:
Dungeon (2/15)

Altars:
Gozag
Qazlal


Innate Abilities, Weirdness & Mutations

You have razor-sharp teeth.
You have supernaturally acute eyesight.
You can survive without breathing.


Message History

You feel sick.
You closely miss the rat.
You feel sick. The adder barely misses you. The rat closely misses you.
You feel sick. The adder bites you.
* * * LOW HITPOINT WARNING * * *
You are more poisoned.
The adder poisons you!
You don't have enough magic at the moment.
You don't have enough magic at the moment.
* * * LOW HITPOINT WARNING * * *
You feel sick.
* * * LOW HITPOINT WARNING * * *
You feel sick.
Casting: Pain
Confirm with . or Enter, or press ? or * to list all spells.
Aiming: Pain
Press: ? - help, Shift-Dir - straight line, f/p - adder
Aim: an adder (moderately wounded, chance to defeat MR: 86%)
The adder convulses in agony!
You die...

.. ######## #######....
.......# ########..........
.......# ###>...@S.r....#....
.....รท.###.....#.##.###..# .
#'#+##.......#...#...#...)..
#.#..'.......................
#.####......######.#.#.#....#
#............... ..#.#.#...#.
#######...#..#######.#.. ...
#8..#................# .
#_...................# ..


You could see an adder and a rat.

Vanquished Creatures
  5 bats
  4 giant cockroaches
  5 goblins
  5 hobgoblins (D:1)
  6 jackals
  2 giant newts (D:1)
  6 kobolds
  3 rats
36 creatures vanquished.

Notes
Turn   | Place    | Note
--------------------------------------------------------------
     0 | D:1      | penguinsfan71 the Vampire Necromancer began the quest for the Orb.
     0 | D:1      | Reached XP level 1. HP: 13/13 MP: 3/3
   270 | D:1      | Reached XP level 2. HP: 17/19 MP: 1/5
   712 | D:1      | Reached skill level 5 in Necromancy
  1037 | D:1      | Reached XP level 3. HP: 15/24 MP: 1/6
  1335 | D:2      | Found a stormy altar of Qazlal.
  1362 | D:2      | Found an opulent altar of Gozag.
  1438 | D:2      | Succumbed to an adder's poison

Action                   || total
-------------------------++-------
Melee: Dagger            ||    16
 Cast: Pain              ||    55
  Use: Potion            ||     2
